 Dungeon Crawl Stone Soup version 0.29-a0-653-gd47aff6735 (webtiles) character file.

Game seed: 7800311740821954613

8169 DocClef the Convoker (level 11, -4/59 HPs)
             Began as a Tengu Summoner on June 21, 2022.
             Was a Priest of Hepliaklqana.
             Slain by a wyvern (9 damage)
             ... on level 10 of the Dungeon.
             The game lasted 00:18:44 (12487 turns).

DocClef the Convoker (Tengu Summoner)              Turns: 12487, Time: 00:18:44

Health: -4/59      AC:  4    Str:  6    XL:     11   Next: 26%
Magic:  1/7        EV: 14    Int: 25    God:    Hepliaklqana [***...]
Gold:   574        SH:  0    Dex: 15    Spells: 11/24 levels left

rFire   . . .      SeeInvis .   o - +9 whip of the Establishment {antimagic, rC+++ Str-3 Int+6}
rCold   + + +      Faith    .   (no shield)
rNeg    . . .      Spirit   .   a - +0 robe
rPois   .          Reflect  .   n - +0 hat
rElec   .          Harm     .   (no cloak)
rCorr   .          Rampage  .   m - +1 pair of gloves
Will    .....                   (boots unavailable)
Stlth   ++........              (no amulet)
HPRegen 0.19/turn               C - ring of protection from cold
MPRegen 0.10/turn               (no ring)

@: flying quickly and evasively, quick
A: reduced essence, beak, talons 3, nimble flight
a: Renounce Religion, Recall Ancestor, Ancestor Identity, Transference


You were on level 10 of the Dungeon.
You worshipped Hepliaklqana.
Hepliaklqana was most pleased with you.
You visited 1 branch of the dungeon, and saw 10 of its levels.

You collected 574 gold pieces.

Inventory:

Hand Weapons
 c - a +0 dagger of protection
 j - a +2 dagger of speed
 o - the +9 whip of the Establishment (weapon) {antimagic, rC+++ Str-3 Int+6}
   (You found it on level 2 of the Dungeon)

   It reduces the magical energy of the wielder, and disrupts the spells and
   magical abilities of those it strikes.
   Natural abilities and divine invocations are not affected.
   Str:       It affects your strength (-3).
   Int:       It affects your intelligence (+6).
   rC:        It renders you almost immune to cold.
 D - a +1 demon whip of venom
Armour
 a - a +0 robe (worn)
 m - a +1 pair of gloves (worn)
 n - a +0 hat (worn)
Jewellery
 C - a ring of protection from cold (left hand)
Wands
 w - a wand of flame (26)
 y - a wand of mindburst (19)
Scrolls
 e - a scroll of enchant armour {unknown}
 f - a scroll of blinking
 g - 2 scrolls of identify
 i - 5 scrolls of teleportation
 k - a scroll of immolation
 s - a scroll of amnesia
 v - 2 scrolls of enchant weapon {unknown}
 E - 2 scrolls of acquirement {unknown}
Potions
 b - 5 potions of magic
 d - 2 potions of lignification
 h - 2 potions of brilliance
 l - a potion of invisibility
 p - 3 potions of might
 q - 2 potions of degeneration
 r - 3 potions of curing
 t - a potion of flight {unknown}
 u - a potion of mutation {unknown}
 x - 5 potions of attraction {unknown}
 z - a potion of haste {unknown}
 A - 3 potions of berserk rage {unknown}
 B - 3 potions of heal wounds {unknown}


   Skills:
 - Level 6.4 Fighting
 - Level 2.1 Dodging
 - Level 2.0 Stealth
 - Level 7.1 Spellcasting
 + Level 16.9 Summonings


You had 11 spell levels left.
You knew the following spells:

 Your Spells              Type           Power      Damage    Failure   Level
a - Summon Small Mammal   Summ           100%       N/A       0%          1
b - Call Imp              Summ           76%        N/A       0%          2
c - Call Canine Familiar  Summ           76%        N/A       1%          3
d - Summon Guardian Gole  Hex/Summ       50%        N/A       1%          3
e - Summon Lightning Spi  Summ/Air       50%        N/A       1%          4

Your spell library contained the following spells:

 Spells                   Type           Power      Damage    Failure   Level
 Summon Hydra             Summ           38%        N/A       5%          7
 Beastly Appendage        Tmut           16%        N/A       7%          1
 Foxfire                  Conj/Fire      32%        2x1d5     7%          1
 Freeze                   Ice            32%        1d5       7%          1
 Sublimation of Blood     Necr           8%         N/A       10%         2
 Wereblood                Tmut           8%         N/A       10%         2
 Conjure Flame            Conj/Fire      8%         6-21      21%         3
 Frozen Ramparts          Ice            16%        1d3       21%         3
 Inner Flame              Hex/Fire       8%         N/A       21%         3
 Spider Form              Tmut/Pois      8%         N/A       21%         3
 Cause Fear               Hex            4%         N/A       54%         4
 Flame Wave               Conj/Fire      8%         2d5       54%         4
 Hailstorm                Conj/Ice       8%         3d4       54%         4
 Leda's Liquefaction      Hex/Erth       4%         N/A       54%         4
 Lee's Rapid Deconstruct  Erth           4%         3d6*      88%         5
 Statue Form              Tmut/Erth      5%         N/A       100%        6
 Discord                  Hex            4%         N/A       100%        8


Dungeon Overview and Level Annotations

Branches:
Dungeon (10/15)            Temple (0/1) D:7             Orc (0/2) D:10
   Lair: D:8-11

Altars:
Dithmenos
Elyvilon
Fedhas
Hepliaklqana
Makhleb
Qazlal
Trog
Uskayaw
Wu Jian
Xom
Zin
The Shining One

Shops:
D:4 **   D:8 [   D:9 [=

Annotations:
D:5 3 runed translucent doors, Foxy's ghost, novice TrFi


Innate Abilities, Weirdness & Mutations

Your life essence is reduced to manifest your ancestor. (-10% HP)
You have a beak for a mouth.
You have claws for feet.
Your magical nature lets you fly swiftly and evasively.


Message History

The orc wizard barely misses you.
The yak gores Aula but does no damage.
Something completely misses Aula.
Aula points at the yak and mumbles some strange words.
The stone arrow hits the yak!
Something barely misses Aula.
The orc wizard hits you with a +1 dagger of pain.
You hit the orc wizard but do no damage.
You claw the orc wizard, but do no damage.
The orc wizard is severely wounded.
Aula hits the yak with a +0 quarterstaff!!
The yak dies!
The orc wizard hits you but does no damage.
Something hits Aula.
You hit the orc wizard.
You kill the orc wizard!
The wyvern bites you.
Aula gestures at the wyvern while chanting.
The puff of frost hits the scorpion!
Something hits Aula.
You hit the wyvern. Your kick misses the wyvern.
You peck the wyvern, but do no damage.
The wyvern is lightly wounded.
The wyvern bites you.
Aula gestures at the wyvern while chanting.
The stone arrow hits the yak!
Something misses Aula.
The wyvern bites you.
* * * LOW HITPOINT WARNING * * *
The wyvern attacks as you move away! The wyvern bites you.
* * * LOW HITPOINT WARNING * * *
The wyvern bites you!
* * * LOW HITPOINT WARNING * * *
Casting: Call Imp (safe; 0% risk of failure)
Confirm with . or Enter, or press ? or * to list all spells.
You don't know that spell.
Casting: Call Imp (safe; 0% risk of failure)
Confirm with . or Enter, or press ? or * to list all spells.
You don't have enough magic to cast this spell.
Something hits Aula but does no damage.
Aula gestures at the wyvern while chanting.
The puff of frost hits the yak!
You see here a scorpion corpse.
Something hits Aula.
The wyvern bites you!
You die...

######## #......####
###########
#...[..'..###.........#
####......##...#.........#
...'......####...........#
(###......# ###.†.......#
## #......# #.........#
#......# #@........#
#......# #l........#
#####+## #.........#
##s#.###### #...># ##)###
####Y##### #...R....#
#........#


You could see the friendly Aula the battlemage, a yak (distracted), a wyvern
(ally target) and a scorpion.

Vanquished Creatures
  A wraith (D:10)
  A yak (D:9)
  A water moccasin (D:7)
  2 black bears
  A centaur (D:5)
  A phantom (D:5)
  A bullfrog (D:8)
  2 scorpions (D:6)
  A wight (D:8)
  A hound (D:7)
  2 orc priests
  4 iguanas
  6 orc wizards
  3 adders
  A gnoll (D:7)
  4 river rats (D:6)
  A shadow imp (D:6)
  A white imp (D:8)
  A worm (D:3)
  A dart slug (D:3)
  8 orcs
  2 ball pythons (D:3)
  2 endoplasms
  4 giant cockroaches
  5 goblins
  10 hobgoblins
  2 jackals (D:5)
  A kobold (D:1)
  9 quokkas
  3 bats
  8 frilled lizards
  17 rats
107 creatures vanquished.

Vanquished Creatures (collateral kills)
  2 two-headed ogres (D:9)
  Amaemon (D:8)
  An orange demon (D:8)
  Maggie (D:8)
  A wraith (D:9)
  3 wyverns (D:10)
  6 yaks
  A basilisk (D:10)
  7 water moccasins
  An acid dragon (D:9)
  A sky beast (D:7)
  2 orc warriors
  2 centaurs
  A kobold brigand (D:10)
  2 gnoll sergeants
  5 scorpions
  8 wights
  A howler monkey (D:5)
  4 orc priests
  A jelly (D:6)
  2 gnoll shamans (D:7)
  A hound (D:4)
  An iguana (D:6)
  4 orc wizards
  15 gnolls
  4 adders
  5 river rats (D:6)
  A shadow imp (D:7)
  A white imp (D:6)
  An ufetubus (D:6)
  2 dart slugs
  12 orcs
  An endoplasm (D:4)
  A giant cockroach (D:3)
  A goblin (D:1)
  3 hobgoblins
  6 kobolds
  A quokka (D:6)
  A ball python (D:1)
  4 frilled lizards (D:5)
  7 rats
125 creatures vanquished.

Vanquished Creatures (others)
  2 battlemagi
  An ancestor (D:4)
  8 fungi (D:10)
  27 plants
38 creatures vanquished.

Grand Total: 270 creatures vanquished

Notes
Turn   | Place    | Note
-------+----------+-------------------------------------------
     0 | D:1      | DocClef the Tengu Summoner began the quest for the Orb.
     0 | D:1      | Reached XP level 1. HP: 10/10 MP: 4/4
    67 | D:1      | Reached skill level 5 in Summonings
    77 | D:1      | Reached XP level 2. HP: 9/15 MP: 6/6
   750 | D:1      | Reached XP level 3. HP: 11/19 MP: 4/7
  1093 | D:1      | Found a faded altar of an unknown god.
  1329 | D:2      | Identified the +9 whip of the Establishment {antimagic,
                  | rC+++ Str-3 Int+6}
  1470 | D:2      | Found a blossoming altar of Fedhas.
  2125 | D:2      | Learned a level 2 spell: Call Imp
  2129 | D:2      | Learned a level 3 spell: Call Canine Familiar
  2145 | D:2      | Reached skill level 6 in Summonings
  2469 | D:3      | Found a hazy altar of Hepliaklqana.
  2485 | D:3      | Reached XP level 4. HP: 24/24 MP: 0/9
  2488 | D:3      | Became a worshipper of Hepliaklqana the Forgotten
  3527 | D:3      | Found a bloodstained altar of Trog.
  3681 | D:4      | Reached * piety under Hepliaklqana
  3699 | D:4      | Found an ornate altar of the Wu Jian Council.
  3699 | D:4      | Found a glowing silver altar of Zin.
  3852 | D:4      | Found a glowing golden altar of the Shining One.
  4029 | D:4      | Noticed a black bear
  4037 | D:5      | Entered Level 5 of the Dungeon
  4037 | D:5      | Noticed a centaur
  4044 | D:5      | Killed a centaur
  4045 | D:5      | Reached skill level 7 in Summonings
  4045 | D:5      | Gained mutation: Your magical nature lets you fly swiftly
                  | and evasively. [Tengu growth]
  4045 | D:5      | Reached XP level 5. HP: 3/25 MP: 2/10
  4236 | D:5      | Noticed a phantom
  4242 | D:5      | Killed a phantom
  4243 | D:5      | Reached XP level 6. HP: 21/28 MP: 0/12
  4474 | D:5      | Reached skill level 8 in Summonings
  4602 | D:5      | Found a runed translucent gate.
  4602 | D:5      | Found a runed translucent gate.
  4602 | D:5      | Found a runed translucent gate.
  4708 | D:5      | Noticed Foxy's ghost (novice TrFi)
  4856 | D:5      | Reached ** piety under Hepliaklqana
  4864 | D:5      | Remembered your ancestor Aula as a battlemage
  5126 | D:5      | Reached XP level 7. HP: 24/32 MP: 2/14
  5948 | D:4      | Found Hoenop's Gadget Gallery.
  6226 | D:4      | Found Cacumamm's Fire Supplies.
  6228 | D:4      | Reached skill level 9 in Summonings
  7262 | D:6      | Reached skill level 5 in Spellcasting
  7262 | D:6      | Reached XP level 8. HP: 36/36 MP: 5/16
  7281 | D:6      | Reached skill level 10 in Summonings
  7397 | D:6      | Noticed a hornet
  7585 | D:6      | Reached skill level 11 in Summonings
  8285 | D:7      | Reached XP level 9. HP: 40/40 MP: 6/19
  8290 | D:7      | Reached skill level 12 in Summonings
  8536 | D:7      | Found a staircase to the Ecumenical Temple.
  8903 | D:7      | Found a burning altar of Makhleb.
  9683 | D:7      | Reached skill level 13 in Summonings
  9791 | D:7      | Reached *** piety under Hepliaklqana
  9994 | D:8      | Noticed Maggie
 10044 | D:8      | Found Licearyz's Armour Boutique.
 10201 | D:7      | Learned a level 3 spell: Summon Guardian Golem
 10208 | D:8      | Learned a level 4 spell: Summon Lightning Spire
 10287 | D:8      | Reached skill level 1 in Fighting
 10407 | D:8      | Killed Maggie
 10410 | D:8      | Noticed Amaemon
 10426 | D:8      | Killed Amaemon
 10427 | D:8      | Reached skill level 5 in Fighting
 10427 | D:8      | Reached XP level 10. HP: 16/54 MP: 0/21
 10468 | D:8      | Noticed an orange demon
 10475 | D:8      | Killed an orange demon
 10718 | D:8      | Found a stormy altar of Qazlal.
 10876 | D:8      | Found a glowing golden altar of the Shining One.
 10929 | D:8      | Found a shadowy altar of Dithmenos.
 10929 | D:8      | Found a hide-covered altar of Uskayaw.
 10931 | D:8      | Found a glowing golden altar of the Shining One.
 10931 | D:8      | Found a shimmering altar of Xom.
 10931 | D:8      | Found a white marble altar of Elyvilon.
 11158 | D:9      | Found Ynokimn's Antique Armour Shoppe.
 11296 | D:9      | Reached skill level 14 in Summonings
 11567 | D:9      | Noticed a two-headed ogre
 11574 | D:9      | Killed a two-headed ogre
 11575 | D:9      | Reached skill level 15 in Summonings
 11660 | D:9      | Found Otitsoej's Jewellery Shop.
 11828 | D:9      | Noticed a two-headed ogre
 11835 | D:9      | Killed a two-headed ogre
 11836 | D:9      | Reached XP level 11. HP: 47/59 MP: 0/22
 12116 | D:10     | Entered Level 10 of the Dungeon
 12147 | D:10     | Reached skill level 16 in Summonings
 12390 | D:10     | Found a staircase to the Orcish Mines.
 12487 | D:10     | Slain by a wyvern

Illustrated notes

Levels and vault maps discovered:
D:1:      minmay_arrival_plants_in_alcoves, layout_basic,
          shapermc_ecumenical_altar_venn
D:2:      layout_basic, basic_altar, dreamdust_princess_bridge
D:3:      layout_loops_corners, trog_book, mainiacjoe_overflow_alcove_1
D:4:      layout_gridville, tso_metal_star, gammafunk_temple_overflow_elements,
          nicolae_shop_fire_sale [nicolae_sub_dead_trees],
          nicolae_zen_rock_garden, eino_tiny_chamber, nicolae_shop_gadgets
D:5:      layout_gridville, gammafunk_ghost_icy, minmay_lizard_king
D:6:      lemuel_ratsnest, layout_loops_ring
D:7:      nicolae_cairo_tiling, layout_basic, old_standard_altar,
          minmay_temple_entry_tees, chequers_avenue
D:8:      layout_cave_pools, doesnt_xom_only_xom,
          nicolae_qazlal_style_of_elements, serial_shops, nicolae_stop_n_shop_1,
          uniq_maggie, uniq_amaemon
D:9:      layout_small_grid, serial_shops, nicolae_square_shop,
          nicolae_lakefront_shop
D:10:     layout_roguey, mainiacjoe_overflow_brackets, minmay_lair_entry_grove,
          orc_0_dummy, uniq_psyche

Skill      XL: |  1  2  3  4  5  6  7  8  9 10 11 |
---------------+----------------------------------+-----
Summonings     | 5 6 7 8 9 11 13 15 16 | 16.9
Spellcasting   | 3 4 5 6 7 |  7.1
Fighting       | 5 6 |  6.4
Dodging        | |  2.1
Stealth        | |  2.0

Action                   |  1- 3 |  4- 6 |  7- 9 | 10-12 || total
-------------------------+-------+-------+-------+-------++-------
Melee: Unarmed           |     6 |       |       |       ||     6
       Dagger            |    45 |       |       |       ||    45
       Kick              |    21 |    19 |    34 |     7 ||    81
       Peck              |     7 |    14 |    21 |     3 ||    45
       Whip              |    17 |    72 |   124 |    19 ||   232
       Punch             |       |     2 |     1 |       ||     3
 Cast: Summon Small Mamm |    28 |     5 |     1 |     2 ||    36
       Call Imp          |     2 |    11 |    23 |     9 ||    45
       Call Canine Famil |       |       |    15 |     8 ||    23
       Summon Lightning  |       |       |     1 |    10 ||    11
       Summon Guardian G |       |       |     1 |     1 ||     2
Invok: Ancestor Life: Ba |       |     1 |       |       ||     1
  Use: Scroll            |       |       |    13 |       ||    13
       Potion            |       |       |     1 |       ||     1
 Stab: Sleeping          |     6 |     3 |     2 |     1 ||    12
       Distracted        |       |     2 |     1 |       ||     3
Armor: Robe              |    13 |    16 |    29 |     3 ||    61
Dodge: Dodged            |    37 |    43 |    78 |    12 ||   170

Table legend: (Time is in decaauts)
 A = Elapsed time spent in this place.
 B = Non-inter-level travel time spent in this place.
 C = Inter-level travel time spent in this place.
 D = Time resting spent in this place.
 E = Time spent auto-exploring this place.
 F = Levels seen in this place.
 G = Mean time per level.
                   A        B        C        D        E       F      G
               +--------+--------+--------+--------+--------+-----+--------+
         Total |  12136 |  11720 |    416 |    679 |   9434 |  10 | 1213.6 |
       Dungeon |  12136 |  11720 |    416 |    679 |   9434 |  10 | 1213.6 |
               +--------+--------+--------+--------+--------+-----+--------+

Top non-repeatable levels by time:
     D:5: 1848 daAuts
     D:7: 1791 daAuts
     D:6: 1533 daAuts
     D:1: 1271 daAuts
     D:2: 1188 daAuts
     D:3: 1105 daAuts
     D:4: 1063 daAuts
     D:9: 1006 daAuts
     D:8: 957 daAuts
    D:10: 370 daAuts
